cohdb
Replays
Latest Replays
All Replays
Popular Replays
Top Player Replays
Match Explorer
How It Works
Community
CoH3 Stats
Reddit
Sign in to upload your games and track your stats! →
Sign in with Steam
Match 37286444
Unlisted
Match 37286444
Overview
Messages
Build Orders
End
Scout Squad
Scout Squad
Construct Weapon Support Center
Selects Airborne Battlegroup
Selects Pathfinders
Bazooka Squad
Engineer Squad
Pathfinder Squad
Infantry Support Center
Bazooka Squad
Construct Medical Station
M3 Armored Personnel Carrier
Improved M9 Bazooka Rockets
Selects Paratrooper Squad Paradrop
M1919 Machine Gun Team
Selects Anti-tank Gun Team Paradrop
Anti-tank Gun Team Paradrop
Construct Tank Depot
Selects Recon Loiter
Paratrooper Squad Paradrop
Selects Paradrop Reinforcements
Recon Loiter
Selects Dual P-47 Rocket Strike
M4A1 Sherman Medium Tank
Recon Loiter
M4A1 Sherman Medium Tank
Bazooka Squad
M1919 Machine Gun Team
Dual P-47 Rocket Strike
M18 Hellcat Tank Destroyer
jdnebel
^3
0
0
Comments
sign in to comment!
No comments posted yet!